 Dungeon Crawl Stone Soup version 0.17-a0-1663-gb806841 (webtiles) character file.

1253 desolaar the Chopper (level 8, -2/62 HPs)
             Began as a Human Berserker on Aug 16, 2015.
             Was an Elder of Trog.
             Slain by a wight
             ... wielding a cursed +0 war axe
              (6 damage)
             ... on level 6 of the Dungeon.
             The game lasted 01:17:21 (4694 turns).

desolaar the Chopper (Human Berserker)              Turns: 4694, Time: 01:17:21

Health: -2/62      AC: 11    Str: 19    XL:     8   Next: 80%
Magic:  8/8        EV:  9    Int:  9    God:    Trog [****..]
Gold:   237        SH:  0    Dex: 12    Spells: 0 memorised, 7 levels left

rFire  . . .     SeeInvis +     T - +3 hand axe
rCold  . . .     Clarity  +     q - +0 chain mail
rNeg   . . .     SustAt   .     (no shield)
rPois  .         Gourm    .     (no helmet)
rElec  .         Spirit   .     (no cloak)
rCorr  .         Warding  .     m - +0 pair of gloves
rMut   .         Stasis   .     (no boots)
MR     .....                    g - amulet of clarity
Stlth  ..........               (no ring)
                                d - ring of see invisible

@: not resistant to hostile enchantments, extremely unstealthy
A: no striking features
a: Burn Spellbooks, Berserk, Trog's Hand, Brothers in Arms, Renounce Religion


You were on level 6 of the Dungeon.
You worshipped Trog.
Trog was greatly pleased with you.
You were not hungry.

You visited 2 branches of the dungeon, and saw 7 of its levels.

You collected 237 gold pieces.

Inventory:

Hand weapons
 i - a +4 vampiric spear
 y - a +0 flail
 C - a +0 hand axe
 E - a +0 club
 K - a cursed -3 dagger
 T - a +3 hand axe (weapon)
Missiles
 p - 135 stones (quivered)
 v - 31 sling bullets
 x - 37 arrows
 B - 16 exploding sling bullets
 L - 43 bolts
 X - 7 tomahawks
Armour
 b - a +0 animal skin
 m - a +0 pair of gloves (worn)
 q - a +0 chain mail (worn)
 r - a +0 scale mail
 u - a +0 scale mail
 D - a cursed +0 robe
 F - a +0 ring mail
 N - a +0 scale mail
Jewellery
 d - a ring of see invisible (left hand)
 g - an amulet of clarity (around neck)
 j - an uncursed amulet of regeneration
 n - an uncursed ring of fire
 s - an uncursed amulet of regeneration
 Z - an uncursed ring of ice
Magical devices
 t - a wand of enslavement (17)
Scrolls
 f - a scroll of fog {unknown}
 o - 2 scrolls of teleportation {unknown}
 w - 2 scrolls of recharging
 I - a scroll of enchant armour {unknown}
 J - 2 scrolls of immolation {unknown}
 M - a scroll of magic mapping {unknown}
 P - 3 scrolls of remove curse
 R - a scroll of blinking {unknown}
 W - a scroll of random uselessness {unknown}
Potions
 a - a potion of degeneration {unknown}
 c - 3 potions of agility
 e - 2 potions of ambrosia
 h - 2 potions of curing
 k - a potion of flight {unknown}
 l - a potion of brilliance {unknown}
 z - a potion of resistance {unknown}
Comestibles
 A - 6 chunks of flesh
 G - 3 meat rations
 H - 2 bread rations
 V - 2 beef jerkies


   Skills:
 + Level 5.2 Fighting
 * Level 5.6(6.2) Axes
 - Level 4.0(5.4) Polearms
 + Level 5.1 Armour
 + Level 3.7 Dodging
 * Level 2.1 Stealth


You had 7 spell levels left.
You didn't know any spells.

Dungeon Overview and Level Annotations

Branches:
Dungeon (6/15)             Temple (1/1) D:4

Altars:
Ashenzari
Dithmenos
Elyvilon
Fedhas
Gozag
Kikubaaqudgha
Makhleb
Nemelex Xobeh
Qazlal
Ru
Vehumet
Xom
Yredelemnul
Zin
The Shining One


Message History

The wight hits you with a war axe.
* * * LOW HITPOINT WARNING * * *
Drink which item? (? for menu, Esc to quit)
You feel better. The wight hits you but does no damage.
The wight barely misses you.
You hit the wight.
The wight is severely damaged.
The wight hits you from afar with a spear.
* * * LOW HITPOINT WARNING * * *
The wight hits you with a war axe.
* * * LOW HITPOINT WARNING * * *
You hit the wight.
The wight is severely damaged.
The wight barely misses you.
You closely miss the wight.
The wight is severely damaged.
You hit the wight.
The wight is moderately damaged.
The wight hits you with a war axe.
You die...

######## ###......###
.......>..# ########
#......#
.......#####......###..
.......................
######............####
#..........@z#
#.####......z......
#...# #######.z.#...
#..### #.... . #.#
.#.... #. .##... # #
... ..


You could see 3 wights.

Vanquished Creatures
  A phantom (D:6)
  An ogre (D:4)
  A giant frog (D:6)
  Blork the orc (D:6)
  3 scorpions
  An orc priest (D:4)
  2 crimson imps (D:5)
  An orc wizard (D:5)
  A giant frog skeleton (D:5)
  2 centaur skeletons
  A centaur zombie (D:5)
  A hound (D:4)
  9 worker ants
  Jessica (D:3)
  Terence (D:3)
  2 iguanas (D:5)
  A hound skeleton (D:5)
  A worker ant zombie (D:5)
  6 adders
  An ooze (D:3)
  An adder skeleton (D:4)
  5 worms
  17 orcs
  8 giant cockroaches
  4 goblins
  11 hobgoblins
  2 jackals (D:2)
  2 quokkas
  3 ball pythons
  6 bats
  3 giant geckos
  3 giant newts
  A kobold (D:1)
  5 rats
109 creatures vanquished.

Notes
Turn   | Place    | Note
--------------------------------------------------------------
     0 | D:1      | desolaar the Human Berserker began the quest for the Orb.
     0 | D:1      | Reached XP level 1. HP: 18/18 MP: 1/1
   260 | D:1      | Reached XP level 2. HP: 13/24 MP: 2/2
  1184 | D:2      | Reached XP level 3. HP: 21/29 MP: 3/3
  1435 | D:2      | Found a blossoming altar of Fedhas.
  1454 | D:2      | Reached XP level 4. HP: 23/36 MP: 4/4
  1575 | D:2      | Acquired Trog's second power
  1765 | D:3      | Noticed Terence
  1782 | D:3      | Killed Terence
  1869 | D:3      | Noticed Jessica
  1896 | D:3      | Killed Jessica
  1896 | D:3      | Reached skill level 1 in Polearms
  1896 | D:3      | Reached XP level 5. HP: 40/42 MP: 5/5
  2192 | D:3      | Found a glowing golden altar of the Shining One.
  2192 | D:3      | Found a white marble altar of Elyvilon.
  2515 | D:4      | Reached XP level 6. HP: 41/48 MP: 6/6
  2560 | D:4      | Reached skill level 4 in Fighting
  2594 | D:4      | Noticed an ogre
  2603 | D:4      | Killed an ogre
  2666 | D:4      | Found a staircase to the Ecumenical Temple.
  2709 | D:4      | Reached XP level 7. HP: 47/55 MP: 7/7
  3370 | Temple   | Entered the Ecumenical Temple
  3522 | D:5      | Entered Level 5 of the Dungeon
  3703 | D:5      | Reached XP level 8. HP: 31/61 MP: 8/8
  3719 | D:5      | Reached skill level 1 in Stealth
  3821 | D:5      | Reached skill level 5 in Fighting
  4079 | D:5      | Found a stormy altar of Qazlal.
  4329 | D:5      | Reached skill level 5 in Axes
  4610 | D:6      | Acquired Trog's third power
  4654 | D:6      | Reached skill level 5 in Armour
  4664 | D:6      | Noticed Blork the orc
  4677 | D:6      | Killed Blork the orc
  4694 | D:6      | Slain by a wight

Vault maps used:
D:1:      dpeg_arrival_rooms_c, serial_bayou_ford_a, columned_hall_lemuel,
          hangedman_decor_riveting, st_stairs_4,
          hangedman_decor_clover_reticule, kennysheep_minor_cross
D:2:      fedhas_altar_2
D:3:      gammafunk_temple_overflow_statue, first_bread, supply_closet_lemuel,
          uniq_terence, uniq_jessica
D:4:      minmay_temple_entry_statues_pillars
D:5:      grunt_qazlal_sundering
D:6:      uniq_blork_the_orc
Temple:   minmay_crystal_spiral_temple_12

Action                   |  1- 3 |  4- 6 |  7- 9 || total
-------------------------+-------+-------+-------++-------
Melee: Hand axe          |    58 |       |   212 ||   270
       Spear             |    41 |   182 |    38 ||   261
  Use: Scroll            |     3 |     1 |     5 ||     9
       Potion            |       |       |     2 ||     2
  Eat: Chunk             |     2 |     4 |     2 ||     8
       Bread ration      |     1 |       |     1 ||     2
